AoeStats
← AiM | Facu1414

African Clearing

504924958Analyzed
4v4 RM · 26d ago on Sep 7, 2026· 49m 5s· 8 players
Game mode
Random Map
Map size
Large (8 player)
Population
200
Speed
Normal
Resources
Standard
Victory
Conquest
Starting age
Dark Age
Ending age
Imperial Age
RankedLock teamsTeams togetherTeam positionsShared explorationLock speedFull tech treeHidden civsTurbo modeCheats
Victory
Defeat
🇨🇱 Chinese · Chile
1509
+14
🇦🇷 Gurjaras · Argentina
1488
+15
🇲🇽 Vietnamese · Mexico
1480
+15
🇦🇷 Maya · Argentina
1463
+16
🇨🇦 Chinese · Canada
1495
-16
🇺🇸 Mongols · United States
1480
-16
🇨🇦 Gurjaras · Canada
1473
-15
🇨🇱 Sicilians · Chile
1411
-13
old man
2:57 Loom
12:35 Feudal Age
13:14 Double-Bit Axe
18:51 Castle Age
24:54 Bloodlines
32:28 Gold Mining
38:27 Scale Barding Armor
40:06 Husbandry
41:00 Forging
42:20 Wheelbarrow
41:49 Horse Collar
43:01 Fletching
43:49 Bodkin Arrow
44:55 Padded Archer Armor
44:56 Scale Mail Armor
45:19 Scale Mail Armor
46:37 Iron Casting
Hajduk
3:16 Loom
11:57 Feudal Age
18:07 Castle Age
16:06 Double-Bit Axe
21:08 Bow Saw
24:17 Fletching
44:51 Bodkin Arrow
46:40 Wheelbarrow
46:17 Padded Archer Armor
51:51 Imperial Age
[VL] Rio_BlancoVER
5:31 Loom
11:49 Feudal Age
12:37 Double-Bit Axe
14:34 Fletching
15:40 Gold Mining
20:30 Castle Age
19:23 Padded Archer Armor
21:33 Bow Saw
20:56 Elite Skirmisher
31:50 Bodkin Arrow
35:27 Ballistics
40:07 Town Watch
40:58 Wheelbarrow
41:00 Leather Archer Armor
48:27 Imperial Age
47:21 Thumb Ring
[CL] HansEduardo92
11:22 Loom
13:08 Feudal Age
14:30 Man-at-Arms
15:17 Town Watch
23:07 Castle Age
21:53 Fletching
23:12 Stone Mining
34:15 Double-Bit Axe
41:23 Imperial Age
40:49 Horse Collar
AiM | Facu1414
11:31 Loom
13:25 Feudal Age
17:37 Castle Age
16:05 Double-Bit Axe
16:22 Horse Collar
17:10 Scale Barding Armor
17:17 Forging
18:39 Chain Barding Armor
27:01 Bloodlines
26:51 Husbandry
27:45 Husbandry
32:12 Iron Casting
36:51 Wheelbarrow
36:01 Town Watch
40:04 Hand Cart
39:49 Town Patrol
40:52 Fletching
44:14 Imperial Age
42:15 Bodkin Arrow
42:42 Ballistics
42:05 Treadmill Crane
46:09 Plate Barding Armor
44:54 Heavy Camel Rider
45:58 Masonry
47:56 Frontier Guards
47:58 Conscription
48:37 Coinage
48:35 Kshatriyas
48:17 Siege Elephant
AIM | Agua cate 98
3:39 Loom
11:37 Feudal Age
15:25 Fletching
18:45 Town Watch
21:11 Wheelbarrow
21:27 Padded Archer Armor
30:58 Double-Bit Axe
39:54 Castle Age
38:26 Horse Collar
40:04 Crossbowman
41:14 Bodkin Arrow
45:44 Town Patrol
49:16 Imperial Age
47:17 Guard Tower
AiM | Fubuki Sinri
11:03 Loom
14:34 Feudal Age
15:10 Double-Bit Axe
18:10 Castle Age
17:53 Fletching
29:16 Bodkin Arrow
31:57 Town Watch
41:24 Wheelbarrow
42:10 Hand Cart
42:27 Horse Collar
45:22 Imperial Age
46:14 Bracer
46:37 Padded Archer Armor
46:55 Bow Saw
46:46 Heavy Plow
47:45 Ballistics
48:26 Chemistry
48:25 Leather Archer Armor
48:30 Gold Mining
AiM | Shuffle
2:52 Loom
12:29 Feudal Age
14:05 Double-Bit Axe
16:42 Castle Age
15:47 Gold Mining
18:39 Bow Saw
18:46 Fletching
25:01 Stone Mining
27:10 Wheelbarrow
28:33 Horse Collar
29:05 Fishing Lines
33:57 Imperial Age
32:25 Scale Mail Armor
32:22 Bodkin Arrow
33:31 Squires
33:32 Scale Mail Armor
33:51 Padded Archer Armor
35:02 Gold Shaft Mining
35:14 Capped Ram
38:23 Chemistry
37:34 Masonry
38:33 Two-Man Saw
37:47 Scale Mail Armor
37:46 Elite Fire Lancer
38:56 Ballistics
38:57 Chain Mail Armor
39:19 Forging
40:32 Plate Mail Armor
41:28 Architecture
42:15 Iron Casting
41:23 Heavy Scorpion
43:15 Rocketry
43:23 Heavy Plow
43:56 Hand Cart
46:46 Blast Furnace
47:49 Bracer
48:25 Padded Archer Armor
47:57 Siege Ram
49:03 Caravan
49:35 Coinage
Connection lost

Rejoining the realm…

Still unreachable

The connection could not be restored.

Session expired

The server has moved on; the page needs a fresh start.